 Dungeon Sprint DCSS version 0.29-a0-317-gd16b76e6b1 (webtiles) character file.

Game seed: 382644849499571208

5938 Turgor the Executioner (level 10, -4/108 HPs)
             Began as a Minotaur Berserker on Mar 31, 2022.
             Was a High Priest of Trog.
             Slain by a sphinx (11 damage)
             ... in the Dungeon (Sprint II: "The Violet Keep of Menkaure").
             The game lasted 00:19:31 (850 turns).

Turgor the Executioner (Minotaur Berserker)          Turns: 850, Time: 00:19:32

Health: -4/108     AC: 10    Str: 24    XL:     10   Next: 54%
Magic:  9/9        EV: 11    Int:  4    God:    Trog [*****.]
Gold:   854        SH:  0    Dex: 12    Spells: 9/9 levels left

rFire   . . .      SeeInvis .   g - +0 broad axe (vamp)
rCold   + . .      Faith    .   (no shield)
rNeg    . . .      Spirit   .   a - +2 chain mail {rC+}
rPois   +          Reflect  .   (helmet restricted)
rElec   .          Harm     .   u - +0 cloak
rCorr   .          Rampage  .   (no gloves)
Will    .....      NoTele   +   (no boots)
Stlth   ..........              (no amulet)
HPRegen 0.28/turn               i - ring of poison resistance
MPRegen 0.11/turn               (no ring)

@: confused, on berserk cooldown, very slow
A: horns 2, retaliatory headbutt, deformed body
a: Renounce Religion, Berserk, Trog's Hand, Brothers in Arms


You were in the Dungeon.
You worshipped Trog.
Trog was extremely pleased with you.
You visited 1 branch You collected 1414 gold pieces.
You spent 560 gold pieces at shops.

Inventory:

Hand Weapons
 b - a +4 vorpal battleaxe
 g - a +0 vampiric broad axe (weapon)
Missiles
 l - a throwing net (quivered)
 o - 8 poisoned darts
Armour
 a - a +2 chain mail of cold resistance (worn)
 n - a scarf of shadows
 u - a +0 cloak (worn)
Jewellery
 i - a ring of poison resistance (left hand)
Scrolls
 h - a scroll of blinking
 k - 3 scrolls of fear
 m - a scroll of enchant weapon {unknown}
 q - a scroll of amnesia {unknown}
 s - a scroll of magic mapping {unknown}
 w - a scroll of immolation {unknown}
Potions
 c - 5 potions of curing
 d - 2 potions of heal wounds
 e - a potion of haste
 f - 5 potions of magic
 j - 3 potions of resistance
 r - 3 potions of flight
 t - a potion of ambrosia {unknown}
 v - 4 potions of degeneration {unknown}


   Skills:
 + Level 16.7 Fighting
 * Level 22.4 Axes
 + Level 7.9 Armour
 + Level 7.2 Dodging


You had 9 spell levels left.
You didn't know any spells.
Your spell library was empty.

Dungeon Overview and Level Annotations

Branches:
Dungeon (1/1)

Altars:
Cheibriados
Dithmenos
Elyvilon
Fedhas
Gozag
Hepliaklqana
Kikubaaqudgha
Makhleb
Nemelex Xobeh
Okawaru
Qazlal
Ru
Sif Muna
Trog
Uskayaw
Vehumet
Wu Jian
Xom
Yredelemnul
Zin
The Shining One
Beogh
Jiyva
Lugonu

Shops:
D (:==:[[?*:!(!([

Annotations:
D exclusion: oklob plant


Innate Abilities, Weirdness & Mutations

You have a pair of horns on your head.
You reflexively headbutt those who attack you in melee.
Armour fits poorly on your strangely shaped body.


Message History

You hit the sphinx but do no damage.
The sphinx is moderately wounded.
The sphinx hits you! The sphinx hits you but does no damage.
The sphinx hits you. The sphinx closely misses you. The sphinx hits you.
The sphinx hits you but does no damage.
You hit the sphinx.
You feel better.
You headbutt the sphinx.
The sphinx is moderately wounded.
The sphinx hits you. The sphinx hits you but does no damage.
The sphinx hits you.
You slash the sphinx!
You feel better.
The sphinx is heavily wounded.
The sphinx hits you! The sphinx hits you.
* * * LOW HITPOINT WARNING * * *
The sphinx barely misses you.
You feel much better.
You feel yourself speed up.
The sphinx mumbles some strange words.
You are confused.
The sphinx barely misses you.
The sphinx hits you. x2; The sphinx hits you!
The sphinx hits you. The sphinx misses you.
You bump into the translucent unnaturally hard rock wall.
The sphinx hits you. x2
* * * LOW HITPOINT WARNING * * *
The sphinx hits you.
* * * LOW HITPOINT WARNING * * *
You bump into the translucent rock wall.
The sphinx mumbles some strange words.
You barely resist.
The sphinx casts a spell.
You barely resist.
You bump into the translucent rock wall.
The sphinx mumbles some strange words.
Something smites you!
* * * LOW HITPOINT WARNING * * *
The sphinx mumbles some strange words.
Something smites you!
* * * LOW HITPOINT WARNING * * *
You bump into the translucent unnaturally hard rock wall.
The sphinx hits you!
You die...

#))▓.[[))...▓▓ ##
+.####|=▓:)......▓▓ .#
...####▓.[(..[..▓▓ .## #^.#
.#▓).)...(.▓▓ ..# +..#
.#▓....[...▓▓ ..# #^^#
.#▓.)[....[▓▓
..####.^##.#▓).......▓▓
....###...##▓▓▓▓▓▓▓'▓▓▓▓+▓
.§.§§.≈)≈≈≈≈≈≈≈≈@≈≈.H.≈≈≈▓
≈.....≈#'########H###.≈≈≈▓
§≈≈≈..≈#_._._...#†≈≈##≈≈≈▓
≈≈≈≈≈.≈#._._._._#≈§§§####▓▓ ▓
≈§§§≈≈≈#_._._._.#§§≈≈§##..# $▓
≈≈§≈§≈≈#._._._._#≈§≈§§≈#..#$.▓
≈≈§≈≈≈≈#.._._._.#≈§≈§≈≈[[H'H$▓
≈§###§§#..._._._#≈≈≈§≈≈#..#$.▓
#≈≈#...._._.#§≈§≈§≈▓..# $▓


You could see 2 sphinxes.

Vanquished Creatures
  A kraken (D)
  2 deep trolls (D)
  A merfolk siren (D)
  A yaktaur (D)
  A hornet (D)
  3 polar bears (D)
  7 flying skulls (D)
  2 wyverns (D)
  4 neqoxecs (D)
  Menkaure (D)
  4 water moccasins (D)
  3 worms (D)
  4 tentacles (D)
34 creatures vanquished.

Vanquished Creatures (others)
  6 tentacles (D)
6 creatures vanquished.

Grand Total: 40 creatures vanquished

Notes
Turn   | Place    | Note
-------+----------+-------------------------------------------
     0 | D        | Turgor the Minotaur Berserker began the quest for the Orb.
     0 | D        | Reached XP level 1. HP: 19/19 MP: 0/0
     7 | D        | Reached skill level 4 in Axes
    37 | D        | Noticed a neqoxec
    37 | D        | Noticed a neqoxec
    40 | D        | Noticed a neqoxec
    42 | D        | Killed a neqoxec
    42 | D        | Reached ** piety under Trog
    43 | D        | Reached skill level 8 in Axes
    43 | D        | Reached skill level 5 in Armour
    43 | D        | Reached skill level 5 in Dodging
    43 | D        | Reached XP level 2. HP: 31/31 MP: 1/1
    43 | D        | Reached XP level 3. HP: 38/38 MP: 2/2
    43 | D        | Reached XP level 4. HP: 45/45 MP: 3/3
    46 | D        | Killed a neqoxec
    47 | D        | Reached skill level 10 in Axes
    47 | D        | Reached XP level 5. HP: 52/52 MP: 4/4
    52 | D        | Killed a neqoxec
    53 | D        | Reached skill level 11 in Axes
    53 | D        | Reached XP level 6. HP: 46/62 MP: 5/5
   121 | D        | Noticed a wyvern
   121 | D        | Noticed a wyvern
   124 | D        | Killed a wyvern
   124 | D        | Reached *** piety under Trog
   125 | D        | Reached skill level 13 in Axes
   125 | D        | Reached XP level 7. HP: 71/71 MP: 6/6
   128 | D        | Killed a wyvern
   129 | D        | Reached skill level 10 in Fighting
   129 | D        | Reached skill level 14 in Axes
   164 | D        | Noticed a merfolk siren
   175 | D        | Killed a merfolk siren
   176 | D        | Reached skill level 15 in Axes
   176 | D        | Reached XP level 8. HP: 82/82 MP: 7/7
   213 | D        | Found Sismom Kituc's Antique Armour Shop.
   213 | D        | Found Yreorrox's Antique Weapon Boutique.
   213 | D        | Found Vyosoeh's Antique Weapon Shop.
   214 | D        | Found Zaliev's Distillery.
   214 | D        | Found Yxe Ciul's Book Boutique.
   214 | D        | Found Zeisy's Assorted Antiques.
   214 | D        | Found Cifusadu's Magic Scroll Boutique.
   215 | D        | Found Kydd's Antique Armour Boutique.
   215 | D        | Found Mitiucw's Book Shop.
   216 | D        | Found Hiumatug's Distillery.
   216 | D        | Found Yddah's Armour Boutique.
   217 | D        | Found Hotorabi's Jewellery Boutique.
   217 | D        | Found Vahytur's Jewellery Shop.
   217 | D        | Noticed Menkaure
   217 | D        | Noticed an oklob plant
   218 | D        | Found Luludawi's Antique Weapon Boutique.
   218 | D        | Found Azuq's Book Shoppe.
   228 | D        | Killed Menkaure
   228 | D        | Reached **** piety under Trog
   249 | D        | Bought a runed broad axe for 133 gold pieces
   250 | D        | Bought a ring of poison resistance for 240 gold pieces
   260 | D        | Bought a runed chain mail for 187 gold pieces
   268 | D        | Noticed a flying skull
   271 | D        | Noticed a flying skull
   273 | D        | Noticed a flying skull
   276 | D        | Noticed a flying skull
   277 | D        | Noticed a flying skull
   280 | D        | Killed a flying skull
   281 | D        | Reached skill level 16 in Axes
   281 | D        | Killed a flying skull
   281 | D        | Noticed a flying skull
   285 | D        | Killed a flying skull
   285 | D        | Gained mutation: Armour fits poorly on your strangely
                  | shaped body. [a neqoxec]
   285 | D        | Noticed a flying skull
   286 | D        | Reached skill level 17 in Axes
   290 | D        | Killed a flying skull
   290 | D        | Reached ***** piety under Trog
   294 | D        | Killed a flying skull
   295 | D        | Reached skill level 18 in Axes
   295 | D        | Reached XP level 9. HP: 93/93 MP: 8/8
   349 | D        | Found an iron altar of Okawaru.
   349 | D        | Found an opulent altar of Gozag.
   350 | D        | Found a sparkling altar of Nemelex Xobeh.
   350 | D        | Found a blossoming altar of Fedhas.
   351 | D        | Found a radiant altar of Vehumet.
   351 | D        | Found a burning altar of Makhleb.
   351 | D        | Found a white marble altar of Elyvilon.
   352 | D        | Found a hide-covered altar of Uskayaw.
   352 | D        | Found a corrupted altar of Lugonu.
   352 | D        | Found a shadowy altar of Dithmenos.
   356 | D        | Reached skill level 19 in Axes
   356 | D        | Found a glowing silver altar of Zin.
   356 | D        | Found a bloodstained altar of Trog.
   356 | D        | Found an ancient bone altar of Kikubaaqudgha.
   357 | D        | Found a basalt altar of Yredelemnul.
   357 | D        | Found a shimmering blue altar of Sif Muna.
   357 | D        | Found a viscous altar of Jiyva.
   358 | D        | Found a shimmering altar of Xom.
   358 | D        | Found a sacrificial altar of Ru.
   359 | D        | Noticed a polar bear
   360 | D        | Found a glowing golden altar of the Shining One.
   360 | D        | Found an ornate altar of the Wu Jian Council.
   360 | D        | Found a stormy altar of Qazlal.
   360 | D        | Found a snail-covered altar of Cheibriados.
   360 | D        | Found a hazy altar of Hepliaklqana.
   360 | D        | Noticed a polar bear
   360 | D        | Noticed a polar bear
   360 | D        | Noticed a yaktaur
   364 | D        | Killed a polar bear
   364 | D        | Received a gift from Trog
   371 | D        | Killed a polar bear
   374 | D        | Killed a polar bear
   376 | D        | Reached skill level 15 in Fighting
   376 | D        | Reached skill level 20 in Axes
   376 | D        | Killed a yaktaur
   390 | D        | Noticed a kraken
   494 | D        | Killed a kraken
   495 | D        | Reached skill level 21 in Axes
   495 | D        | Reached XP level 10. HP: 55/107 MP: 9/9
   773 | D        | Reached skill level 22 in Axes
   797 | D        | Noticed a deep troll
   798 | D        | Noticed a deep troll
   805 | D        | Killed a deep troll
   811 | D        | Killed a deep troll
   831 | D        | Noticed a sphinx
   831 | D        | Noticed a sphinx
   835 | D        | Paralysed by a sphinx for 4 turns
   850 | D        | Slain by a sphinx

Illustrated notes

Levels and vault maps discovered:
D:        the_violet_keep_of_menkaure [sprint2_stairs_cluster_1,
          sprint2_shoproom, sprint2_temple, sprint2_basic_supplies,
          sprint2_obstacle_4, sprint2_obstacle_7, sprint2_obstacle_1,
          sprint2_obstacle_5, sprint2_obstacle_2, sprint2_timed_cluster_1,
          sprint2_smallroom_cluster_1, sprint2_smallroom_final_cluster_1,
          sprint2_transparent_cluster_1, sprint2_second_timed_cluster_1,
          sprint2_sniper_area_1, sprint2_heavy_combat_area_1,
          sprint2_mutation_trap_area_1, sprint2_forest_area_1,
          sprint2_light_combat_area_1, sprint2_behind_water_1,
          sprint2_near_end_vault_1]

Skill      XL: |  1  2  3  4  5  6  7  8  9 10 |
---------------+-------------------------------+-----
Fighting       | 6 7 8 9 11 13 16 | 16.7
Axes           | 8 10 11 13 15 18 21 22 | 22.4
Armour         | 5 7 |  7.9
Dodging        | 5 6 7 |  7.2

Action                   |  1- 3 |  4- 6 |  7- 9 | 10-12 || total
-------------------------+-------+-------+-------+-------++-------
Melee: Hand axe          |     7 |    11 |    14 |       ||    32
       Headbutt          |     2 |     3 |    14 |     4 ||    23
       Punch             |       |       |     1 |       ||     1
       Broad axe         |       |       |    55 |    28 ||    83
Invok: Berserk           |     1 |     1 |     5 |     1 ||     8
       Trog's Hand       |       |       |       |     1 ||     1
  Use: Potion            |     1 |       |       |     1 ||     2
       Scroll            |       |       |       |     5 ||     5
Armor: Chain mail        |       |       |    25 |    10 ||    35
Dodge: Dodged            |     1 |     4 |    27 |    19 ||    51

Table legend: (Time is in decaauts)
 A = Elapsed time spent in this place.
 B = Non-inter-level travel time spent in this place.
 C = Inter-level travel time spent in this place.
 D = Time resting spent in this place.
 E = Time spent auto-exploring this place.
 F = Levels seen in this place.
 G = Mean time per level.
                   A        B        C        D        E       F      G
               +--------+--------+--------+--------+--------+-----+--------+
         Total |    903 |    901 |      2 |    416 |      0 |   1 |  903.0 |
       Dungeon |    903 |    901 |      2 |    416 |      0 |   1 |  903.0 |
               +--------+--------+--------+--------+--------+-----+--------+

Top non-repeatable levels by time:
       D: 903 daAuts
